 Dungeon Crawl Stone Soup version 0.30-a0-1035-g38d5fb2972 (webtiles) character file.

Game seed: 10804416430327548455

804 DeathPants the Stinger (level 7, -2/57 HPs)
             Began as a Naga Venom Mage on Apr 8, 2023.
             Slain by Menkaure (21 damage)
             ... on level 5 of the Dungeon.
             The game lasted 00:22:03 (5345 turns).

DeathPants the Stinger (Naga Venom Mage)            Turns: 5345, Time: 00:22:04

Health: -2/57      AC:  4    Str: 10    XL:     7   Next: 91%
Magic:  5/13       EV: 10    Int: 17    God:
Gold:   283        SH:  0    Dex: 12    Spells: 4/14 levels left

rFire   + + .      SeeInvis +    b - +9 rapier of the Other Side {flame, *Slow rF++ rC+++}
rCold   + + +      Faith    .    (no shield)
rNeg    + . .      Spirit   .    w - +1 robe {rN+}
rPois   +          Reflect  .    (no helmet)
rElec   .          Rampage  .    (no cloak)
rCorr   .                        (no gloves)
Will    .....                    (no barding)
Stlth   ++                       k - amulet of regeneration
HPRegen 1.09/turn                (no ring)
MPRegen 0.13/turn                (no ring)

@: mighty, very slow
A: AC +2, large, see invisible, deformed body, poison resistance, slowness 2,
spit poison 1, naga tail 1
a: Spit Poison


You were on level 5 of the Dungeon.
You visited 1 branch of the dungeon, and saw 5 of its levels.

You collected 283 gold pieces.

Inventory:

Hand Weapons
 a - a +1 short sword of electrocution
 b - the +9 rapier of the Other Side (weapon) {flame, *Slow rF++ rC+++}
   (You found it on level 4 of the Dungeon)

   rF:        It greatly protects you from fire.
   rC:        It renders you almost immune to cold.
   *Slow:     It may slow you when you take damage.
 g - a +0 dagger
 t - a +3 dagger
Missiles
 r - 3 boomerangs
 v - a throwing net
 x - 6 poisoned darts
Armour
 w - a +1 robe of positive energy (worn)
Jewellery
 k - an amulet of regeneration (around neck)
Scrolls
 d - 2 scrolls of brand weapon
 e - a scroll of amnesia
 f - 2 scrolls of teleportation
 i - 3 scrolls of blinking
 j - a scroll of immolation
 l - a scroll of magic mapping
 q - a scroll of poison
 y - 2 scrolls of enchant weapon {unknown}
Potions
 c - a potion of might
 h - a potion of brilliance
 m - a potion of cancellation
 n - a potion of curing
 o - a potion of magic
 p - a potion of mutation
 s - a potion of ambrosia
 u - a potion of haste {unknown}
 z - a potion of flight {unknown}


   Skills:
 + Level 1.3 Fighting
 + Level 0.8 Short Blades
 + Level 2.1 Dodging
 + Level 4.0 Stealth
 - Level 4.0 Spellcasting
 - Level 4.0 Conjurations
 - Level 1.0 Transmutations
 - Level 4.0 Air Magic
 - Level 6.0 Poison Magic


You had 4 spell levels left.
You knew the following spells:

 Your Spells              Type           Power      Damage    Failure   Level
a - Sting                 Tmut/Pois      60%        1d6       3%          1
b - Poisonous Vapours     Pois/Air       40%        N/A       3%          2
c - Mephitic Cloud        Conj/Pois/Air  19%        N/A       7%          3
d - Olgreb's Toxic Radia  Pois           23%        N/A       13%         4

Your spell library contained the following spells:

 Spells                   Type           Power      Damage    Failure   Level
 Momentum Strike          Conj/Tloc      20%        3d8       11%         2
 Blink                    Tloc           6%         N/A       24%         2
 Lesser Beckoning         Tloc           6%         N/A       24%         2


Dungeon Overview and Level Annotations

Branches:
Dungeon (5/15)
 Temple: D:4-7

Altars:

Annotations:
D:5 Menkaure


Innate Abilities, Weirdness & Mutations

Your serpentine skin is tough. (AC +2)
You have supernaturally acute eyesight. (SInv)
Armour fits poorly on your strangely shaped body.
Your system is resistant to poisons. (rPois)
You cover ground very slowly.
You can spit poison.
You have a snake-like lower body.


Message History

Confirm with . or Enter, or press ? or * to list all spells.
You don't know that spell.
Unknown command.
Unknown command.
Casting: Poisonous Vapours (safe; 3% risk of failure)
Confirm with . or Enter, or press ? or * to list all spells.
You begin to radiate toxic energy.
A scorpion comes into view.
Menkaure points at you and mumbles some strange words.
Pain shoots through your body!
The scorpion is poisoned.
Your toxic aura wanes.
You kill the scorpion!
Menkaure casts a spell at you. Pain shoots through your body!
Your Stealth skill increases to level 4!
There is an open door here.
Menkaure hits you!!
Casting: Olgreb's Toxic Radiance (dangerous; 13% risk of failure)
Confirm with . or Enter, or press ? or * to list all spells.
Aiming: Sting (safe; 3% risk of failure)
Press: ? - help, Shift-Dir - straight line, f - Menkaure
Aim: Menkaure (88% to hit)
The sting hits Menkaure.
Menkaure partially resists.
Menkaure is lightly damaged.
You closely miss Menkaure.
Menkaure is lightly damaged.
Menkaure mumbles some strange words.
Menkaure seems to speed up.
You hit Menkaure. You burn Menkaure.
Menkaure is moderately damaged.
Menkaure breathes soot at you. Menkaure hits you!! Menkaure hits you.
* * * LOW HITPOINT WARNING * * *
You feel very mighty all of a sudden. Menkaure closely misses you.
You hit Menkaure. You burn Menkaure.
Menkaure is severely damaged.
Menkaure hits you!!
You die...

#.###############
#...............#
#.#############.###
#.# #.......... #.#
#.#####.### #.# #
#.# #.# ... #.#
#####.####..... #.#
#.^...@........ ...
###+###M####.....
#.#
#..........M.....
#.#
.................
#........†......
..##########.... #
... .


You could see Menkaure (fast).

Vanquished Creatures
  Sigmund (D:4)
  A black bear (D:4)
  2 scorpions
  2 hounds
  Natasha (thrice) (D:2)
  3 orc wizards
  6 gnolls
  8 adders
  A white imp (D:4)
  2 dart slugs
  11 orcs
  5 bats
  12 endoplasms
  2 giant cockroaches
  4 goblins
  4 hobgoblins
  A jackal (D:3)
  5 quokkas
  5 ball pythons
  5 frilled lizards
  8 kobolds
  3 rats
94 creatures vanquished.

Notes
Turn   | Place    | Note
-------+----------+-------------------------------------------
     0 | D:1      | DeathPants the Naga Venom Mage began the quest for the Orb.
     0 | D:1      | Reached XP level 1. HP: 15/15 MP: 3/3
   261 | D:2      | Noticed Natasha
   326 | D:1      | Reached XP level 2. HP: 22/22 MP: 0/5
   838 | D:1      | Reached skill level 5 in Poison Magic
   955 | D:2      | HP: 1/22 [Natasha (5)]
   959 | D:2      | Killed Natasha
   960 | D:2      | Reached XP level 3. HP: 3/28 MP: 0/6
  1096 | D:2      | Noticed Natasha
  1131 | D:2      | Killed Natasha
  1132 | D:2      | Reached skill level 6 in Poison Magic
  1132 | D:2      | Reached XP level 4. HP: 28/36 MP: 0/7
  1135 | D:2      | Learned a level 2 spell: Poisonous Vapours
  1140 | D:2      | Learned a level 4 spell: Olgreb's Toxic Radiance
  1442 | D:2      | Reached skill level 1 in Air Magic
  1986 | D:2      | Noticed Natasha
  1990 | D:2      | Killed Natasha
  1991 | D:2      | Reached XP level 5. HP: 33/42 MP: 3/8
  2561 | D:3      | Reached XP level 6. HP: 37/47 MP: 2/10
  3237 | D:3      | Learned a level 3 spell: Mephitic Cloud
  3767 | D:5      | Entered Level 5 of the Dungeon
  3826 | D:4      | Reached skill level 1 in Conjurations
  4244 | D:4      | Noticed Sigmund
  4256 | D:4      | Killed Sigmund
  4257 | D:4      | Reached XP level 7. HP: 49/55 MP: 2/13
  4552 | D:4      | Identified the +9 rapier of the Other Side {flame, *Slow
                  | rF++ rC+++}
  5329 | D:5      | Noticed Menkaure
  5332 | D:5      | Reached skill level 1 in Fighting
  5345 | D:5      | Slain by Menkaure

Illustrated notes

Levels and vault maps discovered:
D:1:      erik_arrival_triangle_large, layout_basic
D:2:      layout_basic, uniq_natasha
D:3:      minmay_chambers_of_twos, layout_loops_ring, serial_glass,
          glass_columns_c, glass_columns_a, gup_sewer_entry_glass,
          minmay_misc_feat_iff
D:4:      minmay_clustersquares, layout_loops_corners, uniq_sigmund
D:5:      layout_basic, uniq_menkaure

Skill      XL: |  1  2  3  4  5  6  7 |
---------------+----------------------+-----
Poison Magic   | 5 6 |  6.0
Air Magic      | 2 4 |  4.0
Spellcasting   | 4 |  4.0
Conjurations   | 3 4 |  4.0
Fighting       | 1 |  1.3
Dodging        | 2 |  2.1
Stealth        | 4 |  4.0
Short Blades   | |  0.8
Transmutations | |  1.0

Action                     |  1- 3 |  4- 6 |  7- 9 || total
---------------------------+-------+-------+-------++-------
  Melee: Dagger            |    17 |    17 |       ||    34
         Club              |     2 |       |       ||     2
         Punch             |     1 |     1 |       ||     2
         Short sword       |       |   116 |    21 ||   137
         Rapier            |       |       |    12 ||    12
  Throw: Boomerang         |       |     1 |     4 ||     5
   Cast: Sting             |    22 |    22 |     7 ||    51
         Poisonous Vapours |       |    71 |    19 ||    90
         Mephitic Cloud    |       |     3 |     1 ||     4
         Olgreb's Toxic Ra |       |       |     1 ||     1
Ability: Spit Poison       |     1 |     3 |       ||     4
    Use: Scroll            |       |    15 |     1 ||    16
         Potion            |       |     1 |     1 ||     2
   Stab: Sleeping          |     2 |     3 |       ||     5
         Confused          |       |     4 |       ||     4
 Armour: Robe              |     6 |    45 |    18 ||    69
  Dodge: Dodged            |    14 |    97 |    26 ||   137

Table legend: (Time is in decaauts)
 A = Elapsed time spent in this place.
 B = Non-inter-level travel time spent in this place.
 C = Inter-level travel time spent in this place.
 D = Time resting spent in this place.
 E = Time spent auto-exploring this place.
 F = Levels seen in this place.
 G = Mean time per level.
                   A        B        C        D        E       F      G
               +--------+--------+--------+--------+--------+-----+--------+
         Total |   6516 |   6427 |     89 |    373 |   4598 |   5 | 1303.2 |
       Dungeon |   6516 |   6427 |     89 |    373 |   4598 |   5 | 1303.2 |
               +--------+--------+--------+--------+--------+-----+--------+

Top non-repeatable levels by time:
     D:3: 1939 daAuts
     D:4: 1836 daAuts
     D:1: 1336 daAuts
     D:2: 1213 daAuts
     D:5: 189 daAuts
